 Dungeon Crawl Stone Soup version 0.28-a0-687-gb91baff9cc (webtiles) character file.

Game seed: 12465086391486275977

49 Gwenloh the Sneak (level 3, -2/15 (16) HPs)
             Began as a Vine Stalker Enchanter on Oct 19, 2021.
             Slain by a wight (6 damage)
             ... on level 3 of the Dungeon.
             The game lasted 00:06:46 (2104 turns).

Gwenloh the Sneak (Vine Stalker Enchanter)          Turns: 2104, Time: 00:06:46

HP:   -2/15 (16)    AC:  3    Str: 10    XL:     3   Next: 77%
MP:   0/7           EV: 12    Int: 16    God:
Gold: 105           SH:  0    Dex: 14    Spells: 2/7 levels left

rFire   . . .      SeeInvis .   a - +1 dagger
rCold   . . .      Faith    .   (no shield)
rNeg    . . .      Spirit   +   i - +0 robe
rPois   .          Reflect  .   (no helmet)
rElec   .          Harm     .   f - scarf {+Inv}
rCorr   .          Rampage  .   m - +0 pair of gloves
Will    .....                   (no boots)
Stlth   +++.......              (no amulet)
HPRegen 0.05/turn               (no ring)
MPRegen 0.10/turn               (no ring)

@: drained
A: fangs 2, magic shield, antimagic bite, no potion heal 2
a: Evoke Invisibility


You were on level 3 of the Dungeon.
You visited 1 branch of the dungeon, and saw 3 of its levels.

You collected 105 gold pieces.

Inventory:

Hand Weapons
 a - a +1 dagger (weapon)
 b - a +0 hunting sling
Missiles
 e - 5 poisoned darts
 j - 62 stones (quivered)
Armour
 f - a scarf of invisibility (worn)
 i - a +0 robe (worn)
 m - a +0 pair of gloves (worn)
Scrolls
 d - 2 scrolls of identify {unknown}
 k - a scroll of enchant weapon {unknown}
 n - a scroll of enchant armour {unknown}
 o - a scroll of fog {unknown}
Potions
 c - a potion of invisibility
 g - a potion of magic {unknown}
 h - a potion of might {unknown}
 l - 3 potions of curing {unknown}


   Skills:
 + Level 1.4 Short Blades
 + Level 1.8 Dodging
 * Level 4.3 Stealth
 + Level 2.6 Spellcasting
 * Level 3.4 Hexes


You had 2 spell levels left.
You knew the following spells:

 Your Spells              Type           Power      Damage    Failure   Level
a - Ensorcelled Hibernat  Hex/Ice        14%        N/A       14%         2
b - Confusing Touch       Hex            13%        N/A       14%         3

Your spell library contained the following spells:

 Spells                   Type           Power      Damage    Failure   Level
 Tukima's Dance           Hex            13%        N/A       14%         3
 Dazzling Flash           Conj/Hex       14%        N/A       28%         3


Dungeon Overview and Level Annotations

Branches:
Dungeon (3/15)

Altars:


Innate Abilities, Weirdness & Mutations

You have extremely sharp teeth.
When hurt, damage is shared between your health and your magic reserves.
Your bite disrupts and absorbs the magic of your enemies.
Potions cannot restore your health.


Message History

The frilled lizard bites you but does no damage.
You miss the frilled lizard. Your bite misses the frilled lizard.
The frilled lizard bites you but does no damage.
You closely miss the frilled lizard. You bite the frilled lizard.
You kill the frilled lizard!
No target in view!
A goblin comes into view. It is wielding a +0 dagger.
The goblin shouts!
You throw a stone. The stone closely misses the goblin.
You hit the goblin. Your bite misses the goblin.
The goblin is heavily wounded.
You hit the goblin.
You kill the goblin!
No target in view!
Things that are here:
a +0 dagger; a goblin corpse A wight comes into view.
It is wielding a +0 dagger.
Found an escape hatch in the floor.
You see here a stone.
j - 63 stones (gained 1)
A wight comes into view.
It is wielding a +2 great sword of freezing.
You throw a stone. The stone barely misses the wight.
Things that are here:
a +0 dagger; a goblin corpse
Casting: Ensorcelled Hibernation (safe; 14% risk of failure)
Confirm with . or Enter, or press ? or * to list all spells.
The spell is potentially lethal to cast (14% risk of failure)!
Continue anyway?
Your hands begin to glow red.
You hit the wight but do no damage. You bite the wight, but do no damage.
The wight hits you with a +2 great sword of freezing!
Ouch! That really hurt!
You feel drained. The wight freezes you.
* * * LOW HITPOINT WARNING * * *
You hit the wight but do no damage.
The wight appears confused.
You bite the wight, but do no damage. You barely miss the wight.
The wight closely misses you.
You hit the wight but do no damage. You hit the wight but do no damage.
The wight hits you with a +2 great sword of freezing.
You die...

.........####...
...).....# ###.# ...
#........# .#
...#####..#.## .. #
#.......##.# #.##
.###.....#...# #...
.........#.########
####
..................#
#
.........@..#####..#
## #....#.z#..#
#..## #.
#......##### ... ##.
..#....)## #.##..
........#### #....#
.........>.# #....#
...#.#####..z..
.####....# .. #.
###( ........## . #
........#


You could see a wight (confused).

Vanquished Creatures
  An adder (D:3)
  A worm (D:2)
  A dart slug (D:3)
  2 ball pythons
  3 endoplasms
  10 goblins
  2 hobgoblins (D:2)
  3 jackals (D:2)
  2 kobolds (D:2)
  A quokka (D:2)
  2 bats
  A frilled lizard (D:3)
  3 rats
32 creatures vanquished.

Notes
Turn   | Place    | Note
-------+----------+-------------------------------------------
     0 | D:1      | Gwenloh the Vine Stalker Enchanter began the quest for the
                  | Orb.
     0 | D:1      | Reached XP level 1. HP: 9/9 MP: 4/4
   157 | D:1      | Found a faded altar of an unknown god.
   188 | D:1      | Reached skill level 1 in Short Blades
   259 | D:1      | Reached XP level 2. HP: 9/13 MP: 4/6
   262 | D:1      | Learned a level 2 spell: Ensorcelled Hibernation
   782 | D:2      | Reached skill level 4 in Stealth
  1200 | D:2      | Reached XP level 3. HP: 16/16 MP: 5/7
  1465 | D:2      | Learned a level 3 spell: Confusing Touch
  2104 | D:3      | Slain by a wight

Illustrated notes

Levels and vault maps discovered:
D:1:      lightli_arrival_isolated_outpost, layout_rooms, serial_forest,
          infiniplex_forest_clump_small, infiniplex_forest_clump_tiny,
          infiniplex_forest_corner_1, infiniplex_forest_clump_small,
          shapermc_ecumenical_altar_mp_vishouse, minmay_strange_pillars
D:2:      layout_basic, corexii_item_surrounded_by_moat
D:3:      lemuel_castle_with_subvaults [lemuel_castle_interior_carwin_3],
          layout_rooms, lemuel_coloured_pillars_altar

Skill      XL: |  1  2 |
---------------+-------+-----
Short Blades   | 1 |  1.4
Stealth        | 4 |  4.3
Dodging        | |  1.8
Spellcasting   | |  2.6
Hexes          | |  3.4

Action                   || total
-------------------------++-------
Melee: Dagger            ||    61
       Bite              ||    14
 Fire: Hunting sling     ||     2
Throw: Dart              ||    32
       Stone             ||    12
 Cast: Ensorcelled Hiber ||    11
       Confusing Touch   ||     1
 Stab: Sleeping          ||     7
Armor: Robe              ||    11
Dodge: Dodged            ||    26

Table legend: (Time is in decaauts)
 A = Elapsed time spent in this place.
 B = Non-inter-level travel time spent in this place.
 C = Inter-level travel time spent in this place.
 D = Time resting spent in this place.
 E = Time spent auto-exploring this place.
 F = Levels seen in this place.
 G = Mean time per level.
                   A        B        C        D        E       F      G
               +--------+--------+--------+--------+--------+-----+--------+
         Total |   2106 |   2033 |     73 |     55 |   1599 |   3 |  702.0 |
       Dungeon |   2106 |   2033 |     73 |     55 |   1599 |   3 |  702.0 |
               +--------+--------+--------+--------+--------+-----+--------+

Top non-repeatable levels by time:
     D:2: 1136 daAuts
     D:1: 633 daAuts
     D:3: 336 daAuts
